NYP
EUGENE EMERALDS @ ROME BRAVES
04/12/2044
 
TOP OF THE 1ST
Eugene Emeralds batting - Pitching for Rome Braves : LHP Ron Duffy
Pitching: LHP Ron Duffy
Batting: RHB Garrett Granata 0-0: Called Strike
0-1: DOUBLE (Groundball, 5L, EV 103.8 MPH)
Batting: RHB Chris Slama 0-0: Called Strike
0-1: Ground out 5-3 (Groundball, 56, EV 98.1 MPH)
Batting: RHB Francisco Ramirez 0-0: Called Strike
Garrett Granata steals 3rd base
0-1: Ball
1-1: Ball
2-1: Ball
3-1: Foul Ball, location: 2F
3-2: DOUBLE (Line Drive, 89M, EV 98.1 MPH)
Garrett Granata scores
Batting: LHB Trevor Spaulding 0-0: Swinging Strike
0-1: Foul Ball, location: 2F
0-2: Ball
1-2: SINGLE (Groundball, 25, EV 63.1 MPH) (infield hit)
Francisco Ramirez to third
Batting: RHB Jonathan Sotelo 0-0: Called Strike
0-1: Swinging Strike
0-2: Grounds into double play, 4-6-3 (Groundball, 4, EV 101.9 MPH)
Top of the 1st over - 1 run, 3 hits, 0 errors, 1 left on base; Eugene 1 - Rome 0
BOTTOM OF THE 1ST
Rome Braves batting - Pitching for Eugene Emeralds : LHP Bernard Grose
Pitching: LHP Bernard Grose
Batting: SHB Tim Rodgers 0-0: Ball
1-0: Ground out 1-3 (Groundball, 15S, EV 66.3 MPH)
Batting: RHB Brandon Burrell 0-0: Ground out 5-3 (Groundball, 56, EV 86.9 MPH)
Batting: LHB Robby Dann 0-0: Ball
1-0: Called Strike
1-1: Ball
2-1: Swinging Strike
2-2: Foul Ball, location: 2F
2-2: Ball
3-2: Base on Balls
Batting: RHB Ike Trout 0-0: Ball
1-0: Ball
2-0: Ball
3-0: Called Strike
3-1: Fly out, F2 (Popup, 23F, EV 82.5 MPH)
Bottom of the 1st over - 0 runs, 0 hits, 0 errors, 1 left on base; Eugene 1 - Rome 0
TOP OF THE 2ND
Eugene Emeralds batting - Pitching for Rome Braves : LHP Ron Duffy
Batting: LHB Mark Huey 0-0: Ball
1-0: Ball
2-0: Ground out 4-3 (Groundball, 4, EV 84.4 MPH)
Batting: SHB Bob Hamilton 0-0: Ball
1-0: Called Strike
1-1: Ground out 6-3 (Groundball, 6, EV 90.6 MPH)
Batting: RHB Brian Gargis 0-0: Ground out 4-3 (Groundball, 4, EV 100.6 MPH)
Top of the 2nd over - 0 runs, 0 hits, 0 errors, 0 left on base; Eugene 1 - Rome 0
BOTTOM OF THE 2ND
Rome Braves batting - Pitching for Eugene Emeralds : LHP Bernard Grose
Batting: LHB Mike Tenorio 0-0: DOUBLE (Line Drive, 9LS, EV 93.8 MPH)
Batting: RHB Badr al Din Ridha 0-0: Called Strike
0-1: Swinging Strike
0-2: DOUBLE (Flyball, 8LXD, EV 106.3 MPH)
Mike Tenorio scores
Batting: RHB Alex Velasquez 0-0: Fly out, F8 (Line Drive, 8LM, EV 86.9 MPH)
Batting: LHB Joe Phillips 0-0: Ball
1-0: Ball
2-0: Called Strike
2-1: Foul Ball, location: 2F
2-2: DOUBLE (Flyball, 78XD, EV 105.0 MPH)
Badr al Din Ridha scores
Batting: SHB Juan Aguilar 0-0: Fly out, F8 (Flyball, 8RM, EV 81.9 MPH)
Batting: SHB Tim Rodgers 0-0: Ball
Wild Pitch!
Joe Phillips to third
1-0: Fly out, F6 (Popup, 6MS, EV 62.5 MPH)
Bottom of the 2nd over - 2 runs, 3 hits, 0 errors, 1 left on base; Eugene 1 - Rome 2
TOP OF THE 3RD
Eugene Emeralds batting - Pitching for Rome Braves : LHP Ron Duffy
Batting: RHB Jonathan Ridgely 0-0: Ball
1-0: Swinging Strike
1-1: Ground out 5-3 (Groundball, 56S, EV 66.3 MPH)
Batting: RHB Garrett Granata 0-0: Called Strike
0-1: Ball
1-1: Ball
2-1: Ball
3-1: Called Strike
3-2: Ground out 4-3 (Groundball, 4, EV 82.5 MPH)
Batting: RHB Chris Slama 0-0: Called Strike
0-1: Ball
1-1: Ball
2-1: Foul Ball, location: 2F
2-2: Fly out, F7 (Flyball, 78D, EV 96.9 MPH)
Top of the 3rd over - 0 runs, 0 hits, 0 errors, 0 left on base; Eugene 1 - Rome 2
BOTTOM OF THE 3RD
Rome Braves batting - Pitching for Eugene Emeralds : LHP Bernard Grose
Batting: RHB Brandon Burrell 0-0: Called Strike
0-1: Fly out, F9 (Flyball, 89M, EV 90.0 MPH)
Batting: LHB Robby Dann 0-0: Called Strike
0-1: Foul Ball, location: 2F
0-2: Ball
1-2: Ball
2-2: Foul Ball, location: 2F
2-2: Ground out 6-3 (Groundball, 4M, EV 88.8 MPH)
Batting: RHB Ike Trout 0-0: Called Strike
0-1: Foul Ball, location: 2F
0-2: Strikes out looking
Bottom of the 3rd over - 0 runs, 0 hits, 0 errors, 0 left on base; Eugene 1 - Rome 2
TOP OF THE 4TH
Eugene Emeralds batting - Pitching for Rome Braves : LHP Ron Duffy
Batting: RHB Francisco Ramirez 0-0: Ball
1-0: Foul Ball, location: 2F
1-1: Foul Ball, location: 2F
1-2: Ball
2-2: Strikes out swinging
Batting: LHB Trevor Spaulding 0-0: Ball
1-0: Called Strike
1-1: Ball
2-1: Foul Ball, location: 2F
2-2: Ball
3-2: Fly out, F8 (Line Drive, 8RM, EV 91.9 MPH)
Batting: RHB Jonathan Sotelo 0-0: Swinging Strike
0-1: Foul Ball, location: 2F
0-2: Ball
1-2: Ball
2-2: Ball
3-2: Foul Ball, location: 2F
3-2: Base on Balls
Batting: LHB Mark Huey 0-0: Foul Ball, location: 2F
0-1: Ball
1-1: Foul Ball, location: 2F
1-2: Ground out 4-3 (Groundball, 34, EV 89.4 MPH)
Top of the 4th over - 0 runs, 0 hits, 0 errors, 1 left on base; Eugene 1 - Rome 2
BOTTOM OF THE 4TH
Rome Braves batting - Pitching for Eugene Emeralds : LHP Bernard Grose
Batting: LHB Mike Tenorio 0-0: Ball
1-0: Called Strike
1-1: Fly out, F7 (Flyball, 78S, EV 83.8 MPH)
Batting: RHB Badr al Din Ridha 0-0: Called Strike
0-1: Ball
1-1: Foul Ball, location: 2F
1-2: Fly out, F8 (Line Drive, 8RD, EV 88.1 MPH)
Batting: RHB Alex Velasquez 0-0: Called Strike
0-1: Ball
1-1: Ball
2-1: Foul Ball, location: 2F
2-2: Fly out, F9 (Flyball, 89S, EV 80.6 MPH)
Bottom of the 4th over - 0 runs, 0 hits, 0 errors, 0 left on base; Eugene 1 - Rome 2
TOP OF THE 5TH
Eugene Emeralds batting - Pitching for Rome Braves : LHP Ron Duffy
Batting: SHB Bob Hamilton 0-0: Ground out 5-3 (Groundball, 56, EV 91.3 MPH)
Batting: RHB Brian Gargis 0-0: SINGLE (Line Drive, 8RS, EV 103.8 MPH)
Batting: RHB Jonathan Ridgely 0-0: Ball
1-0: Ball
Brian Gargis steals 2nd base
2-0: Ball
3-0: Called Strike
3-1: Called Strike
3-2: Strikes out looking
Batting: RHB Garrett Granata 0-0: Called Strike
0-1: Called Strike
0-2: Ball
1-2: Ball
2-2: Ground out 5-3 (Groundball, 56, EV 101.9 MPH)
Top of the 5th over - 0 runs, 1 hit, 0 errors, 1 left on base; Eugene 1 - Rome 2
BOTTOM OF THE 5TH
Rome Braves batting - Pitching for Eugene Emeralds : LHP Bernard Grose
Batting: LHB Joe Phillips 0-0: Ball
1-0: Called Strike
1-1: Ball
2-1: Ground out 4-3 (Groundball, 4, EV 79.4 MPH)
Batting: SHB Juan Aguilar 0-0: Ball
1-0: Swinging Strike
1-1: Foul Ball, location: 2F
1-2: Ball
2-2: Strikes out swinging
Batting: SHB Tim Rodgers 0-0: Called Strike
0-1: Ball
1-1: Foul Ball, location: 2F
1-2: Ball
2-2: Ball
3-2: Base on Balls
Batting: RHB Brandon Burrell 0-0: Ball
1-0: Called Strike
1-1: Foul Ball, location: 2F
1-2: Foul Ball, location: 2F
1-2: Foul Ball, location: 2F
1-2: Fielders Choice at 2nd, 6-4 (Groundball, 6, EV 110.6 MPH)
Bottom of the 5th over - 0 runs, 0 hits, 0 errors, 1 left on base; Eugene 1 - Rome 2
TOP OF THE 6TH
Eugene Emeralds batting - Pitching for Rome Braves : LHP Ron Duffy
Batting: RHB Chris Slama 0-0: Swinging Strike
0-1: Ball
1-1: Called Strike
1-2: Ball
2-2: Strikes out swinging
Batting: RHB Francisco Ramirez 0-0: Ball
1-0: Ball
2-0: Swinging Strike
2-1: Foul Ball, location: 2F
2-2: Strikes out looking
Batting: LHB Trevor Spaulding 0-0: Reached on error, E3 (Groundball, 34, EV 83.1 MPH)
Batting: RHB Jonathan Sotelo 0-0: Ball
1-0: SINGLE (Groundball, 56D, EV 101.3 MPH)
Trevor Spaulding to second
Batting: LHB Mark Huey 0-0: Called Strike
0-1: Ball
1-1: Called Strike
1-2: Strikes out swinging
Top of the 6th over - 0 runs, 1 hit, 1 error, 2 left on base; Eugene 1 - Rome 2
BOTTOM OF THE 6TH
Rome Braves batting - Pitching for Eugene Emeralds : LHP Bernard Grose
Pitching: RHP Josh Ready
Batting: LHB Robby Dann 0-0: Ball
1-0: Foul Ball, location: 2F
1-1: Ball
2-1: Foul Ball, location: 2F
2-2: Ground out 6-3 (Groundball, 6, EV 88.8 MPH)
Batting: RHB Ike Trout 0-0: Ball
1-0: Swinging Strike
1-1: Foul Ball, location: 2F
1-2: Strikes out looking
Batting: LHB Mike Tenorio 0-0: Ball
1-0: Called Strike
1-1: Foul Ball, location: 2F
1-2: Strikes out looking
Bottom of the 6th over - 0 runs, 0 hits, 0 errors, 0 left on base; Eugene 1 - Rome 2
TOP OF THE 7TH
Eugene Emeralds batting - Pitching for Rome Braves : LHP Ron Duffy
Batting: SHB Bob Hamilton 0-0: Foul Ball, location: 2F
0-1: Foul Ball, location: 2F
0-2: Strikes out looking
Batting: RHB Brian Gargis 0-0: Ground out 4-3 (Groundball, 4, EV 86.3 MPH)
Batting: RHB Jonathan Ridgely 0-0: Called Strike
0-1: Swinging Strike
0-2: Ball
1-2: Foul Ball, location: 2F
1-2: Strikes out swinging
Top of the 7th over - 0 runs, 0 hits, 0 errors, 0 left on base; Eugene 1 - Rome 2
BOTTOM OF THE 7TH
Rome Braves batting - Pitching for Eugene Emeralds : RHP Josh Ready
Batting: RHB Badr al Din Ridha 0-0: Ground out 5-3 (Groundball, 56S, EV 83.1 MPH)
Batting: RHB Alex Velasquez 0-0: Called Strike
0-1: Ball
1-1: Foul Ball, location: 2F
1-2: Foul Ball, location: 2F
1-2: Ball
2-2: Foul Ball, location: 2F
2-2: Strikes out swinging
Batting: LHB Joe Phillips 0-0: Foul Ball, location: 2F
0-1: Ball
1-1: Foul Ball, location: 2F
1-2: Foul Ball, location: 2F
1-2: Ball
2-2: Ball
3-2: Base on Balls
Batting: SHB Juan Aguilar 0-0: Ball
1-0: Swinging Strike
1-1: Called Strike
1-2: Ball
2-2: Strikes out swinging, 2-3 out at first.
Bottom of the 7th over - 0 runs, 0 hits, 0 errors, 1 left on base; Eugene 1 - Rome 2
TOP OF THE 8TH
Eugene Emeralds batting - Pitching for Rome Braves : LHP Ron Duffy
Now at 2B: Tommy Williams
Batting: RHB Garrett Granata 0-0: SINGLE (Line Drive, 78D, EV 97.5 MPH)
Batting: RHB Chris Slama 0-0: Foul Ball, location: 2F
0-1: Ground out 6-3 (Groundball, 6S, EV 69.4 MPH)
Garrett Granata to second
Pitching: RHP Omar Orosco
Batting: RHB Francisco Ramirez 0-0: Ball
1-0: Called Strike
1-1: Ground out 6-3 (Groundball, 56D, EV 83.1 MPH)
Batting: LHB Trevor Spaulding 0-0: Ball
1-0: DOUBLE (Groundball, 5L, EV 103.1 MPH)
Garrett Granata scores
Batting: RHB Jonathan Sotelo 0-0: Ball
1-0: Foul Ball, location: 2F
1-1: Ball
2-1: Foul Ball, location: 2F
2-2: Strikes out looking
Top of the 8th over - 1 run, 2 hits, 0 errors, 1 left on base; Eugene 2 - Rome 2
BOTTOM OF THE 8TH
Rome Braves batting - Pitching for Eugene Emeralds : RHP Josh Ready
Pitching: RHP Miles Edwards
Pinch Hitting: LHB Javier Rubio 0-0: Called Strike
0-1: Swinging Strike
0-2: Foul Ball, location: 2F
0-2: Ball
1-2: Strikes out swinging
Pinch Hitting: LHB Jose Chinchilla 0-0: Called Strike
0-1: Ball
1-1: Foul Ball, location: 2F
1-2: Fly out, F8 (Flyball, 78D, EV 89.4 MPH)
Batting: LHB Robby Dann 0-0: Ground out U3 (Groundball, 3, EV 89.4 MPH)
Bottom of the 8th over - 0 runs, 0 hits, 0 errors, 0 left on base; Eugene 2 - Rome 2
TOP OF THE 9TH
Eugene Emeralds batting - Pitching for Rome Braves : RHP Omar Orosco
Pitching: RHP Aaron Shapiro
Now at 3B: Peter Wheeler
Now in LF: Javier Rubio
Now in CF: Badr al Din Ridha
Batting: LHB Mark Huey 0-0: Ball
1-0: Ground out U3 (Groundball, 3S, EV 92.5 MPH)
Batting: SHB Bob Hamilton 0-0: Ball
1-0: Ball
2-0: Called Strike
2-1: Ground out 3-1 (Groundball, 34, EV 85.0 MPH)
Batting: RHB Brian Gargis 0-0: Called Strike
0-1: Called Strike
0-2: Ball
1-2: Strikes out swinging, 2-3 out at first.
Top of the 9th over - 0 runs, 0 hits, 0 errors, 0 left on base; Eugene 2 - Rome 2
BOTTOM OF THE 9TH
Rome Braves batting - Pitching for Eugene Emeralds : RHP Miles Edwards
Batting: RHB Ike Trout 0-0: Ball
1-0: Foul Ball, location: 2F
1-1: Called Strike
1-2: Foul Ball, location: 2F
1-2: Foul Ball, location: 2F
1-2: Ball
2-2: Ball
3-2: Base on Balls
Batting: LHB Mike Tenorio 0-0: Ball
1-0: Ball
2-0: Ball
3-0: Base on Balls
Ike Trout to second
Batting: RHB Badr al Din Ridha 0-0: Ball
1-0: Bunted foul
1-1: Bunted foul
1-2: Ball
2-2: Ball
3-2: Foul Ball, location: 2F
3-2: Foul Ball, location: 2F
3-2: Base on Balls
Ike Trout to third
Mike Tenorio to second
Pinch Hitting: LHB J.P. Olson 0-0: Ball
1-0: Ball
Balk!
Ike Trout scores
Bottom of the 9th over - 1 run, 0 hits, 0 errors, 0 left on base; Eugene 2 - Rome 3
Game Over ... Rome defeats Eugene, 3 to 2
Thursday, March 31st , 2022 - OOTP Baseball 22.12 Build 89